 Dungeon Crawl Stone Soup version 0.31.0-10-gcf4a605ca0 (webtiles) character file.

Game seed: 2734056616949186115

39 sanka the Ruffian (level 3, 0/35 HPs)
             Began as a Troll Shapeshifter on Jan 25, 2024.
             Slain by a goblin
             ... wielding a +0 club
             ... led by Robin
              (3 damage)
             ... on level 2 of the Dungeon.
             The game lasted 00:00:57 (701 turns).

sanka the Ruffian (Troll Shapeshifter)               Turns: 701, Time: 00:00:58

Health: 0/35       AC:  4    Str: 22    XL:     3   Next: 26%
Magic:  2/2        EV:  9    Int:  6    God:
Gold:   102        SH:  0    Dex: 11    Spells: 2/2 levels left

rFire   . .          .
                       - Unarmed
rCold   . . .        (no shield)
rNeg    . . .        a - +0 animal skin
rPois   .            (helmet currently unavailable)
rElec   .            (cloak currently unavailable)
rCorr   .            (gloves unavailable)
SInv    .            (boots unavailable)
Will    .....        (no amulet)
Stlth   +            (no ring)
HPRegen 1.05/turn    (no ring)
MPRegen 0.08/turn

%: no passive effects
@: lethally poisoned (0 -> 0), beast-form
A: beast (slay +1), large, unfitting armour, claws 3, regeneration 1, shaggy fur
1, tough skin 1
a: Begin Untransformation


You were on level 2 of the Dungeon.
You were a hulking beast.
You visited 1 branch of the dungeon, and saw 2 of its levels.

You collected 102 gold pieces.


Innate Abilities, Weirdness & Mutations

You are a hulking beast.
Your limbs bulge with bestial killing power. (Slay +1)
You are too large for most types of armour.
You have claws for hands.
Your natural rate of healing is unusually fast.
You are covered in fur. (AC +1)
You have tough skin. (AC +1)


   Skills:
 + Level 1.9 Fighting
 - Level 1.5 Dodging
 + Level 3.7 Unarmed Combat
 - Level 3.0 Shapeshifting


You had 2 spell levels left.
You didn't know any spells.
Your spell library contained the following spells:

 Spells                   Type           Power      Damage    Failure   Level
 Frozen Ramparts          Ice            0%         1d1       83%         3
 Leda's Liquefaction      Alch/Erth      0%         N/A       99%         4
 Petrify                  Alch/Erth      0%         N/A       99%         4
 Metabolic Englaciation   Hex/Ice        0%         N/A       100%        5

Inventory:

Armour
 a - a +0 animal skin (worn)
Magical Staves
 e - a staff of cold
Talismans
 c - a beast talisman
 d - a flux talisman
Scrolls
 f - a scroll of silence {unknown}
Potions
 b - 2 potions of lignification {!q}
 g - a potion of degeneration {unknown}
 h - 2 potions of cancellation {unknown}

Dungeon Overview and Level Annotations

Branches:
Dungeon (2/15)

Altars:

Shops:
D:2

? . ▒▒▒▒▒▒▒▒.▒▒.▒▒.
g▒ ▒.▒▒..▒. ▒ ▒. ▒▒
.. ▒.▒▒▒.▒. .▒.
▒g.g▒▒.... ▒.▒.....
....▒▒▒g▒gS.K...
▒....... . ▒...rg▒▒
▒▒▒.▒.▒. ▒..▒.▒.▒)▒▒
▒.▒.▒. ▒.▒▒...▒▒g▒
▒.▒.▒. ..▒▒..▒h▒▒
▒.▒.▒. ▒.▒.▒g.g▒▒
▒.....
▒......▒▒▒▒▒▒▒▒▒
▒▒▒.▒▒
▒▒▒▒▒..........▒ ▒.▒
▒..▒▒.▒▒.▒.▒ ▒.▒
▒.)▒▒.▒▒.▒.▒▒▒▒▒▒▒.▒
▒.∩...▒▒...........▒
▒▒.▒▒▒▒▒.▒.▒▒▒▒▒▒▒▒▒
▒.▒▒▒▒▒.▒▒▒


You could see 3 goblins.


Message History

The goblin hits you but does no damage.
You closely miss the goblin.
You feel sick. The goblin barely misses you.
You barely miss the goblin.
You feel sick. The goblin closely misses you.
The goblin hits you but does no damage.
You claw the goblin!
You kill the goblin!
You feel sick. The goblin barely misses you.
You claw the goblin!
You kill the goblin!
You feel sick.
The goblin shoots a sling bullet.
The sling bullet hits you but does no damage.
The goblin closely misses you.
You claw the goblin!
You kill the goblin!
You feel sick.
The goblin shoots a sling bullet.
The sling bullet hits you.
* * * LOW HITPOINT WARNING * * *
Unknown command.
You scratch the goblin.
The goblin is moderately wounded.
You feel sick. The goblin hits you with a +0 club.
You die...

Action                     || total
---------------------------++-------
  Melee: Unarmed           ||    60
   Stab: Sleeping          ||     1
 Armour: Animal skin       ||    38
  Dodge: Dodged            ||    29

Levels and vault maps discovered:
D:1:      amcnicky_arrival_underground_garden, layout_basic, minmay_pentomino_z4
D:2:      layout_loops_cross, serial_shops, shop,
          hellmonk_ecumenical_altar_defaced_shrine, hex_tiny, uniq_robin

Notes
Turn   | Place    | Note
-------+----------+-------------------------------------------
     0 | D:1      | sanka the Troll Shapeshifter began the quest for the Orb.
     0 | D:1      | Reached XP level 1. HP: 18/18 MP: 0/0
    51 | D:1      | Reached skill level 1 in Fighting
   136 | D:1      | Reached XP level 2. HP: 25/27 MP: 1/1
   661 | D:2      | Found Mavu's Magic Scroll Emporium.
   680 | D:2      | Noticed Robin
   694 | D:2      | Killed Robin
   695 | D:2      | Reached XP level 3. HP: 9/35 MP: 2/2
   700 | D:2      | HP: 2/35 [goblin/sling bullet[Robin] (4)]
   701 | D:2      | Slain by a goblin

Vanquished Creatures
  Robin (D:2)
  3 bats (D:1)
  3 endoplasms (D:1)
  A giant cockroach (D:1)
  7 goblins
  3 hobgoblins
  A kobold (D:1)
  A quokka (D:1)
  5 rats
25 creatures vanquished.
